 Dungeon Crawl Stone Soup version 0.30-a0-748-ge6a52f7cba (webtiles) character file.

Game seed: 4047862503122384810

613235 epen the Impregnable (level 27, -5/261 HPs)
             Began as a Gnoll Wanderer on Feb 8, 2023.
             Was the Champion of Cheibriados.
             Killed from afar by a Killer Klown (22 damage)
             ... with a klown pie
             ... on level 5 of the Realm of Zot.
             The game lasted 02:15:57 (71770 turns).

epen the Impregnable (Gnoll Wanderer)              Turns: 71770, Time: 02:15:58

Health: -5/261     AC: 37    Str: 23 (24) XL:     27
Magic:  31/32      EV: 37    Int: 33 (35) God:    Cheibriados [******]
Gold:   6312       SH: 21    Dex: 34      Spells: 55/65 levels left

rFire   x x .      SeeInvis +      - Unarmed
rCold   + . .      Faith    .    I - +2 kite shield {rN+}
rNeg    + + .      Spirit   .    (body armour currently unavailable)
rPois   ∞          Reflect  .    G - +2 helmet {SInv}
rElec   +          Harm     .    o - +1 cloak {Will+}
rCorr   +          Rampage  .    (gloves currently unavailable)
Will    +++++      Rage     9%   (boots currently unavailable)
Stlth   +++++++++                y - amulet "Arihuc" {RegenMP Fly rCorr Dex+4 Stlth+}
HPRegen 0.00/turn                V - ring of protection from fire
MPRegen 0.63/turn                i - ring of Sif Muna's Castigation {rF+ rC+ rCorr Int+7}

@: statue-form, fire vulnerable, on berserk cooldown, freezing walls, flying,
inhibited regen, slowed, studying Armour, unable to read, unable to drink, very
slow
A: slow and powerful, torment resistance 1, boosted hp, fangs 1, strong nose,
distributed training, clumsy 2, deterioration 2, dopey 2, frail 1, low MP 3,
strong-willed 2, sense surroundings 1, inhibited regeneration, weak 2, wild
magic 1, inability to read after injury 2, berserk 1[+1], [deformed body], heat
vulnerability 1[+2], [subdued magic 2], [inability to drink after injury 2]
}: 3/15 runes: serpentine, barnacled, slimy
a: End Transformation, Renounce Religion, Bend Time, Temporal Distortion,
Slouch, Step From Time


You were on level 5 of the Realm of Zot.
You worshipped Cheibriados.
Cheibriados was exalted by your worship.
You were a living statue of rough stone.
You visited 11 branches of the dungeon, and saw 52 of its levels.
You visited the Abyss 6 times.
You visited 1 bazaar.
You also visited: Gauntlet, Volcano and Wizlab.

You collected 7805 gold pieces.
You spent 1493 gold pieces at shops.

Inventory:

Missiles
 f - 11 throwing nets
 X - 5 curare-tipped darts
Armour
 e - a +1 pair of boots (melded)
 o - a +1 cloak of willpower (worn)
 E - a +2 robe of fire resistance (melded)
 G - a +2 helmet of see invisible (worn)
 H - the +1 pair of gloves of the Grinning Gods (melded) {rF+++ rC+}
   (You found it in a volcano)

   rF:        It renders you almost immune to fire.
   rC:        It protects you from cold.
 I - a +2 kite shield of positive energy (worn)
Jewellery
 d - the ring of Iwnus {Ice Stlth+}
   (You took it off Josephina on level 2 of the Depths)

   [ring of ice]

   It enhances your ice magic.
   rF:        It makes you vulnerable to fire.
   rC:        It protects you from cold.
   Stlth:     It makes you more stealthy.
 i - the ring of Sif Muna's Castigation (right fist) {rF+ rC+ rCorr Int+7}
   (You took it off a deep elf zephyrmancer on level 3 of the Elven Halls)

   [ring of resist corrosion]

   Int:       It affects your intelligence (+7).
   rF:        It protects you from fire.
   rC:        It protects you from cold.
   rCorr:     It protects you from acid and corrosion.
 s - the ring of Sif Muna's Anger {rElec rN+}
   (You took it off a deep elf pyromancer on level 3 of the Elven Halls)

   [ring of positive energy]

   rElec:     It insulates you from electricity.
   rN:        It protects you from negative energy.
 y - the amulet "Arihuc" (around neck) {RegenMP Fly rCorr Dex+4 Stlth+}
   (You bought it in a shop in a bazaar)

   [amulet of magic regeneration]

   It increases your rate of magic regeneration.
   Dex:       It affects your dexterity (+4).
   Fly:       It grants you flight.
   rCorr:     It protects you from acid and corrosion.
   Stlth:     It makes you more stealthy.
 J - the ring "Cuanele" {Fire Will- rCorr Int-3 Dex+9}
   (You found it in a Gauntlet)

   [ring of fire]

   It enhances your fire magic.
   Int:       It affects your intelligence (-3).
   Dex:       It affects your dexterity (+9).
   rF:        It protects you from fire.
   rC:        It makes you vulnerable to cold.
   rCorr:     It protects you from acid and corrosion.
   Will:      It decreases your willpower.
 N - the ring "Naogusu" {rPois rC+ Int-3 Dex-2 SInv}
   (You took it off a deep elf sorcerer on level 3 of the Elven Halls)

   [ring of protection from cold]

   Int:       It affects your intelligence (-3).
   Dex:       It affects your dexterity (-2).
   rC:        It protects you from cold.
   rPois:     It protects you from poison.
   SInv:      It lets you see invisible.
 O - a ring of willpower
 V - a ring of protection from fire (left fist)
Wands
 j - a wand of iceblast (9)
 k - a wand of digging (9)
 m - a wand of flame (99)
 B - a wand of paralysis (15)
 U - a wand of mindburst (24)
 Y - a wand of acid (5)
Scrolls
 b - 2 scrolls of summoning
 c - 3 scrolls of teleportation
 l - 3 scrolls of magic mapping
 p - 7 scrolls of silence
 q - 6 scrolls of fog
 t - 9 scrolls of fear
 z - 11 scrolls of blinking
 A - 9 scrolls of enchant weapon
 D - 5 scrolls of immolation
 K - 7 scrolls of amnesia
 Q - 44 scrolls of identify
 T - 4 scrolls of enchant armour
Potions
 h - 10 potions of cancellation
 r - 2 potions of flight
 v - 10 potions of lignification
 w - 4 potions of heal wounds
 x - 15 potions of curing
 C - 7 potions of ambrosia
 L - 5 potions of brilliance
 M - 3 potions of might
 P - 2 potions of invisibility
 R - 9 potions of attraction
 S - 6 potions of resistance
 Z - 8 potions of magic
Miscellaneous
 a - a box of beasts
 n - a phantom mirror
 u - a condenser vane
 F - a tin of tremorstones (2/2)
 W - a lightning rod (4/4)


   Skills:
 + Level 19.9 Fighting
 + Level 19.5 Short Blades
 + Level 19.5 Long Blades
 + Level 19.6 Axes
 + Level 19.5 Maces & Flails
 + Level 19.5 Polearms
 + Level 19.5 Staves
 + Level 19.5 Ranged Weapons
 + Level 19.5 Throwing
 + Level 23.0 Armour
 + Level 19.6 Dodging
 + Level 19.5 Stealth
 + Level 19.5 Shields
 + Level 19.5 Unarmed Combat
 + Level 19.6 Spellcasting
 + Level 16.6 Conjurations
 + Level 16.6 Hexes
 + Level 16.6 Summonings
 + Level 16.6 Necromancy
 + Level 16.6 Translocations
 + Level 16.6 Transmutations
 + Level 16.6 Fire Magic
 + Level 16.6 Ice Magic
 + Level 17.4 Air Magic
 + Level 16.6 Earth Magic
 + Level 16.6 Poison Magic
 + Level 21.0 Invocations
 + Level 19.5 Evocations


You had 55 spell levels left.
You knew the following spells:

 Your Spells              Type           Power      Damage    Failure   Level
a - Shock                 Conj/Air       100%       1d9       0%          1
b - Frozen Ramparts       Ice            100%       1d16      0%          3
c - Statue Form           Tmut/Erth      57%        N/A       1%          6

Your spell library contained the following spells:

 Spells                   Type           Power      Damage    Failure   Level
 Apportation              Tloc           100%       N/A       0%          1
 Beastly Appendage        Tmut           100%       N/A       0%          1
 Freeze                   Ice            100%       1d10      0%          1
 Kiss of Death            Conj/Necr      100%       2d13      0%          1
 Necrotise                Necr           100%       1d9       0%          1
 Slow                     Hex            100%       N/A       0%          1
 Summon Small Mammal      Summ           100%       N/A       0%          1
 Blink                    Tloc           100%       N/A       0%          2
 Cigotuvi's Dreadful Rot  Necr/Pois/Air  100%       N/A       0%          2
 Ensorcelled Hibernation  Hex/Ice        100%       N/A       0%          2
 Lesser Beckoning         Tloc           100%       N/A       0%          2
 Momentum Strike          Conj/Tloc      100%       3d10      0%          2
 Passwall                 Tmut/Erth      71%        N/A       0%          2
 Poisonous Vapours        Pois/Air       100%       N/A       0%          2
 Call Canine Familiar     Summ           86%        N/A       0%          3
 Confusing Touch          Hex            86%        N/A       0%          3
 Dazzling Flash           Conj/Hex       100%       N/A       0%          3
 Gell's Gravitas          Tloc           86%        N/A       0%          3
 Inner Flame              Hex/Fire       86%        N/A       0%          3
 Mephitic Cloud           Conj/Pois/Air  87%        N/A       0%          3
 Ozocubu's Armour         Ice            86%        N/A       0%          3
 Portal Projectile        Hex/Tloc       100%       N/A       0%          3
 Spider Form              Tmut/Pois      86%        N/A       0%          3
 Stone Arrow              Conj/Erth      100%       3d13      0%          3
 Summon Guardian Golem    Hex/Summ       86%        N/A       0%          3
 Teleport Other           Tloc           86%        N/A       0%          3
 Vampiric Draining        Necr           86%        2d12      0%          3
 Anguish                  Hex/Necr       43%        N/A       0%          4
 Animate Armour           Summ/Erth      100%       N/A       0%          4
 Cause Fear               Hex            43%        N/A       0%          4
 Dispel Undead            Necr           86%        3d28      0%          4
 Flame Wave               Conj/Fire      86%        2d18      0%          4
 Ice Form                 Ice/Tmut       86%        N/A       0%          4
 Leda's Liquefaction      Hex/Erth       43%        N/A       0%          4
 Petrify                  Tmut/Erth      86%        N/A       0%          4
 Sticky Flame             Conj/Fire      86%        2d10      0%          4
 Summon Ice Beast         Ice/Summ       86%        N/A       0%          4
 Summon Lightning Spire   Summ/Air       87%        N/A       0%          4
 Agony                    Necr           86%        N/A       1%          5
 Alistair's Intoxication  Tmut/Pois      57%        N/A       1%          5
 Freezing Cloud           Conj/Ice/Air   43%        6-21      1%          5
 Metabolic Englaciation   Hex/Ice        43%        N/A       1%          5
 Silence                  Hex/Air        43%        N/A       1%          5
 Yara's Violent Unravell  Hex/Tmut       43%        3d17      1%          5
 Dispersal                Tloc           43%        N/A       1%          6
 Simulacrum               Ice/Necr       43%        N/A       1%          6
 Dragon Form              Tmut           43%        N/A       1%          7
 Enfeeble                 Hex            43%        N/A       1%          7
 Malign Gateway           Summ/Tloc      43%        N/A       1%          7
 Ozocubu's Refrigeration  Ice            43%        4d17      1%          7
 Storm Form               Tmut/Air       43%        N/A       1%          7
 Maxwell's Capacitive Co  Air            44%        ∞         8%          8
 Borgnjor's Revivificati  Necr           43%        N/A       11%         8
 Lehudib's Crystal Spear  Conj/Erth      43%        10d10     11%         8
 Necromutation            Tmut/Necr      43%        N/A       11%         8
 Summon Horrible Things   Summ           43%        N/A       11%         8
 Death's Door             Necr           43%        N/A       86%         9
 Dragon's Call            Summ           43%        N/A       86%         9
 Polar Vortex             Ice            43%        N/A       86%         9


Dungeon Overview and Level Annotations

Branches:
Dungeon (15/15)            Temple (1/1) D:7            Lair (5/5) D:8
 Shoals (4/4) Lair:2        Snake (4/4) Lair:3        Slime (5/5) Lair:4
    Orc (2/2) D:10            Elf (3/3) Orc:2        Vaults (4/5) D:14
  Crypt (0/3) Vaults:2     Depths (4/4) D:15            Zot (5/5) Depths:4
Volcano (visited)          WizLab (visited)         Gauntlet (visited)

Altars:
Ashenzari
Cheibriados
Dithmenos
Elyvilon
Fedhas
Gozag
Hepliaklqana
Kikubaaqudgha
Makhleb
Nemelex Xobeh
Okawaru
Qazlal
Ru
Sif Muna
Trog
Uskayaw
Vehumet
Wu Jian
Xom
Yredelemnul
Zin
The Shining One
Jiyva

Shops:
D:4 (:*[   Orc:1 (   Orc:2 (**(   Shoals:2 [   Snake:1 [*?   Snake:4 :==
Vaults:1 [   Vaults:3 [   Vaults:4 !   Depths:1 *   Depths:2 :   Depths:4 =?:

Portals:
Hell: Depths:1 Depths:2 Depths:3 Depths:4
Abyss: Depths:2 Depths:3
Pandemonium: Depths:2
Ziggurat: Depths:2
Trove: Depths:1 (give 2 scrolls of acquirement)

Annotations:
D:3 1 runed translucent door, Crazy Yiuf
Lair:5 exclusion: obsidian statue
Elf:2 3 runed translucent doors
Depths:1 exclusion: orange crystal statue
Zot:1 3 transporters
Zot:5 exclusions: obsidian statue, orange crystal statue and 1 more exclusion


Innate Abilities, Weirdness & Mutations

You are a living statue of rough stone.
Your actions are slow, but your melee attacks are powerful.
You are resistant to unholy torment.
Your maximum health is greatly increased.
You are immune to poison.
Your equipment is partially melded.
You have very sharp teeth.
Your uncanny sense of smell can sniff out nearby items.
Your experience applies equally to all skills.
You are very clumsy. (Dex -4)
Your body often deteriorates upon taking damage.
You are very dopey. (Int -4)
You are frail. (-10% HP)
Your magical capacity is extremely low. (-30% MP)
You are highly strong-willed. (Will++)
You passively map a small area around you.
You do not regenerate when monsters are visible.
You are very weak. (Str -4)
Your spells are a little harder to cast, but a little more powerful.
You sometimes lose the ability to read scrolls when taking damage.
[You have an uncontrollable temper.]
[Armour fits poorly on your strangely shaped body.]
[You are extremely vulnerable to heat. (rF---)]
[Your spells are easier to cast, but less powerful.]
[You sometimes lose the ability to drink potions when taking damage.]


Message History

You block the klown pie. The Killer Klown pies you viciously!
You block the klown pie. The Killer Klown pies you viciously!
The klown pie misses you.
Casting: Statue Form (mildly dangerous; 1% risk of failure)
Confirm with . or Enter, or press ? or * to list all spells.
Casting: Frozen Ramparts (safe; 0% risk of failure)
Press: ? - help, Dir - look around, f - activate The walls around you are covered in ice.
The wall freezes the Killer Klown but does no damage.
You block the Killer Klown's attack.
The wall freezes the Killer Klown but does no damage.
You block the Killer Klown's attack.
You pummel the Killer Klown like a punching bag!!!
The Killer Klown is moderately wounded.
The wall freezes the Killer Klown but does no damage.
The Killer Klown completely misses you.
The wall freezes the Killer Klown but does no damage.
You block the Killer Klown's attack.
You hit the Killer Klown.
The Killer Klown is moderately wounded.
The wall freezes the Killer Klown!
The Killer Klown completely misses you.
The wall freezes the Killer Klown but does no damage.
You block the Killer Klown's attack.
You pulverise the Killer Klown!!!
The Killer Klown is severely wounded.
The wall freezes the Killer Klown but does no damage.
The Killer Klown eye-gouges you with a +11 club of distortion!!
You feel threatened and lose the ability to read scrolls!
You feel threatened and lose the ability to drink potions!
* * * LOW HITPOINT WARNING * * *
Your body deteriorates!
You feel weakened. Space warps horribly around you!
* * * LOW HITPOINT WARNING * * *
The wall freezes the Killer Klown!
The Killer Klown pies you viciously! The klown pie hits you!!
Cherry!
Cherry-coloured flames burn away your fire resistance!
You die...

**** ########.########▓▓▓▓###*
######## #.)#≈## #........## ###
#......###.#≈§≈###.#≈####... #§##
#......##...§≈§≈##.≈≈≈###..⌠
§≈≈###......##..§§§≈≈##§.[..##...
≈§§≈≈§........)...≈≈≈#≈<....##...
≈§≈§≈§........§§..≈≈§#≈......§...
§≈≈≈≈≈........§≈p.§≈##§≈≈≈≈§§≈§..
≈≈≈§≈≈≈≈......§§8#≈####≈≈≈≈≈§≈)§.
§≈§§≈≈≈≈≈###.....### ##≈≈≈≈.§§≈.
§§≈§≈§≈≈≈≈##.....########≈#≈.≈≈#.
≈≈≈§≈§≈≈...^.............§...§##.
≈≈≈§§≈≈§.............§.......###.
§§§§§≈≈§........≈≈≈≈≈........# #.
≈≈§≈§≈≈≈§......≈≈≈≈≈≈≈≈...^≈.# ##
≈≈≈#≈§§≈...^.....§≈≈§......≈.# #
#≈###≈≈#.................≈≈..# #


You could see a Killer Klown.

Vanquished Creatures
  the Royal Jelly (Slime:5)
  3 dread liches
  6 orbs of fire
  2 ancient liches (Zot:5)
  Mara (Elf:3)
  Josephina (Depths:2)
  15 Killer Klowns
  8 caustic shrikes (Depths:4)
  2 curse toes
  2 bone dragons
  10 golden dragons
  2 profane servitors
  the Enchantress (Depths:2)
  Nikola (Vaults:1)
  A Brimstone Fiend (Depths:4)
  5 electric golems
  An Ice Fiend (Depths:4)
  A Hell Sentinel (Abyss:3)
  15 tentacled monstrosities
  3 liches
  Rupert (Lair:3)
  Asterion (Snake:3)
  10 Orb Guardians (Zot:5)
  2 deep elf blademasters (Elf:3)
  9 quicksilver dragons
  12 acid blobs
  Polyphemus (Shoals:2)
  2 deep elf master archers (Elf:3)
  5 death cobs
  A kraken (Shoals:2)
  6 tentacled starspawn
  14 storm dragons
  2 shadow dragons
  A tengu reaver (Depths:2)
  7 azure jellies
  6 nagarajas
  6 draconian monks
  12 rockslimes
  A revenant (Abyss:3)
  9 frost giants
  2 fire giants
  3 draconian knights
  A daeva (Abyss:3)
  13 vault wardens
  5 balrugs
  5 draconian scorchers
  The ghost of Mesuenwa the Eclecticist, an adept DEHW of Sif Muna (Snake:2)
  3 iron dragons
  Louise (D:14)
  2 draconian shifters
  5 deep elf elementalists (Elf:3)
  13 deep elf sorcerers
  2 orc warlords
  8 draconian stormcallers
  10 ghost moths
  Aizul (Snake:1)
  2 cacodemons (Abyss:4)
  13 ironbound preservers
  4 demonspawn corrupters (WizLab)
  44 very ugly things
  11 spriggan defenders
  A war gargoyle (Vaults:1)
  An ophan (Abyss:4)
  6 stone giants
  The ghost of Shukka the Fighter, a journeyman MiBe of Trog (D:12)
  3 ironbound thunderhulks
  2 vampire knights
  A juggernaut skeleton (Abyss:3)
  7 quicksilver oozes
  9 draconian annihilators
  13 black draconians
  4 spark wasps (Depths:3)
  5 deep elf demonologists
  5 deep elf annihilators (Elf:3)
  A lorocyproca (Abyss:3)
  12 green draconians
  A minotaur (Gauntlet)
  20 dire elephants
  10 purple draconians
  20 red draconians
  Azrael (D:12)
  12 white draconians
  9 yellow draconians
  5 deep elf death magi
  3 merfolk javelineers
  2 crystal guardians (Vaults:4)
  4 blizzard demons (Depths:4)
  2 eidola (Abyss:4)
  6 ettins
  6 fire dragons
  A green death (Abyss:3)
  6 deep elf high priests
  15 merfolk impalers
  5 vault guards
  5 hydras
  9 great orbs of eyes
  2 peacekeepers
  A spriggan zombie (Abyss:3)
  15 ice dragons
  5 yaktaur captains
  2 entropy weavers
  3 rakshasas
  An ice dragon (shapeshifter) (Depths:1)
  A juggernaut simulacrum (Depths:2)
  4 salamander tyrants
  A ghost crab (Gauntlet)
  4 boulder beetles
  6 ironbound frosthearts
  4 merfolk aquamancers
  4 merfolk avatars
  4 alligator snapping turtles
  A catoblepas (Shoals:2)
  7 spriggan air magi
  A death knight (D:15)
  19 dancing weapons
  10 death yaks
  15 anacondas
  A two-headed ogre (shapeshifter) (Vaults:4)
  5 two-headed ogres
  3 satyrs
  7 deep troll shamans
  16 naga warriors
  8 centaur warriors
  An alligator (shapeshifter) (Depths:3)
  11 deep troll earth magi
  3 orc high priests
  2 hell hogs (Depths:1)
  14 naga sharpshooters
  11 thrashing horrors
  9 tengu warriors
  7 sun demons
  5 spriggan berserkers
  15 deep elf knights
  16 hell knights
  3 soul eaters (Depths:1)
  Nergalle (D:12)
  6 shock serpents
  2 spectral death yaks (Lair:5)
  10 salamander mystics
  7 iron trolls
  2 sixfirhies (Abyss:4)
  8 skeletal warriors
  A shadow wraith (Abyss:4)
  3 wretched stars
  8 naga ritualists
  A spectral anaconda (Lair:5)
  20 sea snakes
  5 glowing orange brains
  A flayed ghost (Abyss:4)
  50 deep trolls
  4 orange crystal statues (Orc:2)
  5 spriggan druids
  10 wizards
  3 phantasmal warriors (D:15)
  18 orc knights
  A lindwurm (shapeshifter) (Zot:1)
  17 deep elf zephyrmancers
  An anaconda skeleton (Abyss:3)
  13 ironbound convokers
  10 mana vipers
  38 ugly things
  29 deep elf pyromancers
  15 deep elf archers
  23 harpies
  11 lindwurms
  14 necromancers
  A will-o-the-wisp (Abyss:3)
  29 manticores
  4 worldbinders
  8 cyclopes
  A mana viper (shapeshifter) (Depths:2)
  2 oklob plants (Shoals:3)
  9 orc sorcerers
  20 salamanders
  18 merfolk sirens
  26 moths of wrath
  2 shining eyes
  19 fauns
  6 guardian serpents
  9 vault sentinels
  19 elephants
  36 black mambas
  A black mamba (shapeshifter) (Elf:2)
  Joseph (D:8)
  2 orange demons
  16 naga magi
  2 molten gargoyles (Volcano)
  2 apocalypse crabs
  4 water nymphs
  Maggie (D:6)
  4 eyes of devastation
  2 centaur skeletons (Abyss:3)
  10 smoke demons
  2 kobold demonologists
  A storm dragon simulacrum (Depths:2)
  An unseen horror (D:12)
  34 yaktaurs
  2 gargoyles
  15 cane toads
  A komodo dragon (shapeshifter) (Vaults:4)
  A hellion (Depths:4)
  2 rime drakes (Lair:4)
  6 tengu conjurers
  11 komodo dragons
  A bunyip simulacrum (Abyss:3)
  5 freezing wraiths
  5 ancient zymes
  34 merfolk
  4 meliai
  9 trolls
  A queen bee (shapeshifter) (Abyss:3)
  A troll (shapeshifter) (D:14)
  7 wind drakes
  Prince Ribbit (D:6)
  12 hornets
  A polar bear (Lair:5)
  A harpy skeleton (Abyss:3)
  10 snapping turtles
  8 blink frogs (Lair:5)
  A spectral elephant (Lair:5)
  8 dream sheep
  12 saltlings (Orc:2)
  An iron dragon simulacrum (Depths:2)
  A frost giant simulacrum (Depths:2)
  16 raiju
  An air elemental (Elf:3)
  66 slime creatures
  4 wraiths
  A ynoxinul (Abyss:3)
  13 spriggans
  9 water elementals
  Sigmund (D:6)
  73 yaks
  4 shadows
  20 fire bats
  9 fire elementals
  4 wyverns
  Grum (D:10)
  20 large abominations
  4 chaos spawn
  14 golden eyes
  9 basilisks
  4 vampire mosquitoes (D:13)
  2 steam dragons
  7 humans (Zot:4)
  A human (shapeshifter) (Zot:1)
  4 redbacks
  2 death yak simulacra (Lair:5)
  61 nagas
  3 neqoxecs
  Menkaure (D:5)
  A harpy simulacrum (Abyss:3)
  Edmund (D:6)
  4 wargs
  2 hell hounds (D:12)
  2 acid dragons
  14 water moccasins
  A sky beast (shapeshifter) (Depths:3)
  Duvessa (D:5)
  An ice beast (D:8)
  20 orc warriors
  2 black bears
  An ettin simulacrum (Abyss:3)
  29 wolves
  7 ogres
  16 centaurs
  2 elephant zombies (Lair:5)
  A boggart (Vaults:2)
  39 starcursed masses
  4 elephant skeletons (Lair:5)
  16 bullfrogs
  2 kobold brigands
  5 scorpions
  A gnoll sergeant (D:7)
  6 earth elementals
  A necrophage (D:7)
  10 wights
  12 small abominations
  Dowan (D:5)
  7 killer bees
  An elephant simulacrum (Lair:5)
  5 electric eels
  4 howler monkeys
  A crimson imp (Depths:4)
  9 lava snakes
  2 quasits
  9 jellies
  7 hounds
  12 orc priests
  Ijyb (D:3)
  6 iguanas
  15 orc wizards
  7 adders
  4 gnolls
  A shadow imp (D:6)
  6 white imps
  An ufetubus (Abyss:3)
  4 dart slugs
  88 orcs
  6 ball pythons
  4 bats
  6 endoplasms
  2 giant cockroaches
  8 goblins
  4 hobgoblins
  4 jackals (D:4)
  4 quokkas
  4 frilled lizards
  15 kobolds
  6 rats
  A lurking horror (Abyss:4)
  3 starspawn tentacles
  5 tentacles (Shoals:2)
2406 creatures vanquished.

Vanquished Creatures (others)
  A dread lich (Zot:5)
  Kirke (Shoals:3)
  Ilsuiw (Shoals:2)
  A fire giant (Depths:2)
  A ghost moth (Zot:1)
  An ironbound thunderhulk (Vaults:1)
  A yaktaur captain (Vaults:1)
  2 vault guards (Vaults:1)
  A deep elf archer (Elf:2)
  An ironbound convoker (Vaults:1)
  2 wizards
  A deep elf zephyrmancer (Elf:1)
  An ugly thing (Depths:3)
  2 yaktaurs (Vaults:1)
  A tengu conjurer (Depths:1)
  5 humans (Shoals:3)
  An orc wizard (Orc:1)
  9 foxfires (Abyss:3)
  16 fungi
  A lurking horror (Abyss:4)
  A pillar of salt (Orc:2)
  101 plants
  11 starspawn tentacles
  5 tentacles (Shoals:2)
  21 withered plants (Lair:5)
189 creatures vanquished.

Grand Total: 2595 creatures vanquished

Notes
Turn   | Place    | Note
-------+----------+-------------------------------------------
     0 | D:1      | epen the Gnoll Wanderer began the quest for the Orb.
     0 | D:1      | epen set off with the following items: a +0 hand axe, a +0
                  | ring mail, a scroll of teleportation; and the following
                  | spell memorised: Shock; and the following spells available
                  | to memorise: Cigotuvi's Dreadful Rot, Mephitic Cloud.
     0 | D:1      | Reached XP level 1. HP: 20/20 MP: 4/4
   191 | D:1      | Reached XP level 2. HP: 26/26 MP: 5/5
   198 | D:1      | Found a faded altar of an unknown god.
   403 | D:1      | Reached XP level 3. HP: 23/31 MP: 7/7
   406 | D:1      | Reached skill level 1 in Invocations
  1179 | D:2      | Reached skill level 1 in Short Blades
  1179 | D:2      | Reached skill level 1 in Long Blades
  1179 | D:2      | Reached skill level 1 in Maces & Flails
  1179 | D:2      | Reached skill level 1 in Polearms
  1179 | D:2      | Reached skill level 1 in Staves
  1179 | D:2      | Reached skill level 1 in Ranged Weapons
  1179 | D:2      | Reached skill level 1 in Throwing
  1179 | D:2      | Reached skill level 1 in Stealth
  1179 | D:2      | Reached skill level 1 in Shields
  1179 | D:2      | Reached skill level 1 in Unarmed Combat
  1179 | D:2      | Reached skill level 1 in Evocations
  1792 | D:3      | Reached XP level 4. HP: 34/38 MP: 8/8
  1853 | D:3      | Noticed Ijyb
  1885 | D:3      | Killed Ijyb
  1886 | D:3      | Reached skill level 1 in Conjurations
  1886 | D:3      | Reached skill level 1 in Hexes
  1886 | D:3      | Reached skill level 1 in Summonings
  1886 | D:3      | Reached skill level 1 in Necromancy
  1886 | D:3      | Reached skill level 1 in Translocations
  1886 | D:3      | Reached skill level 1 in Transmutations
  1886 | D:3      | Reached skill level 1 in Fire Magic
  1886 | D:3      | Reached skill level 1 in Ice Magic
  1886 | D:3      | Reached skill level 1 in Earth Magic
  1886 | D:3      | Reached skill level 1 in Poison Magic
  2123 | D:3      | Found a runed translucent door.
  2125 | D:3      | Noticed Crazy Yiuf
  2172 | D:4      | Found Amoifeuk's Assorted Antiques.
  2184 | D:4      | Reached XP level 5. HP: 7/43 MP: 7/9
  2243 | D:4      | Noticed an ogre
  2324 | D:4      | Found Fylex's Antique Armour Boutique.
  2370 | D:4      | Killed an ogre
  2441 | D:4      | Bought a golden potion for 27 gold pieces
  2441 | D:4      | Bought a golden potion for 27 gold pieces
  2441 | D:4      | Bought a glowing black potion for 27 gold pieces
  2441 | D:4      | Bought a glowing puce potion for 27 gold pieces
  2593 | D:4      | Found Yniusyus's Book Emporium.
  2596 | D:4      | Noticed an ogre
  2602 | D:4      | Killed an ogre
  2603 | D:4      | Reached skill level 5 in Fighting
  2603 | D:4      | Reached skill level 5 in Armour
  2603 | D:4      | Reached XP level 6. HP: 51/51 MP: 5/11
  2661 | D:4      | Found Gegifup's Weapon Boutique.
  3017 | D:4      | Noticed an orc warrior
  3038 | D:4      | Killed an orc warrior
  3039 | D:4      | Reached XP level 7. HP: 38/56 MP: 1/12
  3269 | D:5      | Entered Level 5 of the Dungeon
  3604 | D:5      | Noticed Duvessa
  3607 | D:5      | Noticed Dowan
  3630 | D:5      | Killed Duvessa
  3645 | D:5      | Killed Dowan
  3646 | D:5      | Reached XP level 8. HP: 17/63 MP: 14/14
  4042 | D:5      | Noticed Menkaure
  4047 | D:5      | Killed Menkaure
  4318 | D:5      | Found a shimmering altar of Xom.
  4321 | D:5      | Found a shadowy altar of Dithmenos.
  4324 | D:5      | Found a broken altar of Ashenzari.
  4327 | D:5      | Found an ornate altar of the Wu Jian Council.
  4548 | D:6      | Reached skill level 6 in Armour
  4575 | D:6      | Reached XP level 9. HP: 69/69 MP: 16/16
  4575 | D:6      | Noticed Edmund
  4608 | D:6      | Killed Edmund
  4609 | D:6      | Reached skill level 5 in Spellcasting
  4753 | D:6      | Found an iron altar of Okawaru.
  4819 | D:6      | Noticed Sigmund
  4832 | D:6      | Killed Sigmund
  4833 | D:6      | Reached skill level 5 in Axes
  4833 | D:6      | Reached skill level 5 in Dodging
  4851 | D:6      | Learned a level 3 spell: Frozen Ramparts
  5023 | D:6      | Noticed Prince Ribbit
  5037 | D:6      | Killed Prince Ribbit
  5190 | D:6      | Noticed Maggie
  5206 | D:6      | Killed Maggie
  5207 | D:6      | Reached skill level 5 in Invocations
  5390 | D:7      | Noticed a gargoyle
  5400 | D:7      | Killed a gargoyle
  5681 | D:7      | Found a staircase to the Ecumenical Temple.
  5692 | Temple   | Entered the Ecumenical Temple
  6011 | D:7      | Reached skill level 5 in Short Blades
  6011 | D:7      | Reached skill level 5 in Long Blades
  6011 | D:7      | Reached skill level 5 in Maces & Flails
  6011 | D:7      | Reached skill level 5 in Polearms
  6011 | D:7      | Reached skill level 5 in Staves
  6011 | D:7      | Reached skill level 5 in Ranged Weapons
  6011 | D:7      | Reached skill level 5 in Throwing
  6011 | D:7      | Reached skill level 5 in Stealth
  6011 | D:7      | Reached skill level 5 in Shields
  6011 | D:7      | Reached skill level 5 in Unarmed Combat
  6011 | D:7      | Reached skill level 5 in Evocations
  6023 | D:7      | Reached XP level 10. HP: 77/77 MP: 18/18
  6307 | D:7      | Reached skill level 7 in Armour
  6379 | D:8      | Noticed Joseph
  6574 | D:8      | Killed Joseph
  6575 | D:8      | Found a staircase to the Lair.
  7843 | D:9      | Identified the +1 robe of the Evening {Int+3}
  7944 | D:9      | Found a hide-covered altar of Uskayaw.
  7972 | D:10     | Entered Level 10 of the Dungeon
  7980 | D:10     | Noticed Grum
  7994 | D:10     | Killed Grum
  8027 | D:10     | Found a burning altar of Makhleb.
  8028 | D:10     | Found a snail-covered altar of Cheibriados.
  8032 | D:10     | Found a sacrificial altar of Ru.
  8035 | D:10     | Found a shimmering blue altar of Sif Muna.
  8035 | D:10     | Found a stormy altar of Qazlal.
  8041 | D:10     | Became a worshipper of Cheibriados the Contemplative
  8214 | D:10     | Reached skill level 5 in Conjurations
  8214 | D:10     | Reached skill level 5 in Hexes
  8214 | D:10     | Reached skill level 5 in Summonings
  8214 | D:10     | Reached skill level 5 in Necromancy
  8214 | D:10     | Reached skill level 5 in Translocations
  8214 | D:10     | Reached skill level 5 in Transmutations
  8214 | D:10     | Reached skill level 5 in Fire Magic
  8214 | D:10     | Reached skill level 5 in Ice Magic
  8214 | D:10     | Reached skill level 5 in Earth Magic
  8214 | D:10     | Reached skill level 5 in Poison Magic
  8214 | D:10     | Reached XP level 11. HP: 83/85 MP: 21/21
  8456 | D:10     | Found a staircase to the Orcish Mines.
  8474 | D:10     | Reached * piety under Cheibriados
  9021 | D:10     | Found the +18 Lear's hauberk
  9286 | D:10     | Identified the +2 chain mail of Gymic {Contam rF+ rCorr
                  | Dex+4}
  9308 | D:10     | epen: ??Lear
  9308 | D:10     | beem: I don't have a page labeled Lear in my learndb. Did
                  | you mean: bear, clear, fear, learn, pear, tear, lear's.
  9308 | D:10     | epen: ??Lear\s haubrek
  9308 | D:10     | beem: Lear\s haubrek ~ lear's hauberk[1/2]: +27 (+18 in
                  | 0.28+) chain mail that prevents you from wearing any other
                  | armour except cloaks and shields. Slots it takes are
                  | considered covered for the purposes of Ashenzari.
  9364 | D:10     | Noticed a deep elf pyromancer
  9379 | D:10     | Killed a deep elf pyromancer
  9463 | D:10     | Reached skill level 8 in Armour
  9628 | Lair:1   | Entered Level 1 of the Lair of Beasts
  9765 | Lair:1   | Reached ** piety under Cheibriados
  9834 | Lair:1   | You fall into a shaft and drop 1 floor!
 10350 | Lair:1   | Reached *** piety under Cheibriados
 10351 | Lair:1   | Reached XP level 12. HP: 75/94 MP: 23/23
 10482 | Lair:1   | Noticed a death yak
 10536 | Lair:1   | Killed a death yak
 10587 | Lair:1   | Noticed a death yak
 10588 | Lair:1   | Noticed a death yak
 10814 | Lair:1   | Noticed a death yak
 10819 | Lair:1   | Noticed a death yak
 10826 | Lair:1   | Noticed a death yak
 10831 | Lair:1   | Killed a death yak
 10835 | Lair:1   | Killed a death yak
 10846 | Lair:1   | Killed a death yak
 10847 | Lair:1   | Reached skill level 9 in Armour
 11084 | Lair:1   | Killed a death yak
 11096 | Lair:1   | Killed a death yak
 11715 | Lair:2   | Reached **** piety under Cheibriados
 11992 | Lair:2   | Found a staircase to the Shoals.
 12422 | Lair:3   | Reached XP level 13. HP: 101/101 MP: 25/25
 12578 | Lair:3   | Noticed Rupert
 12607 | Lair:3   | Killed Rupert
 12796 | Lair:3   | Found a staircase to the Snake Pit.
 13142 | Lair:4   | Found a shadowy altar of Dithmenos.
 13154 | Lair:4   | Found a staircase to the Slime Pits.
 13167 | Lair:4   | Reached ***** piety under Cheibriados
 14038 | Lair:5   | Entered Level 5 of the Lair of Beasts
 14315 | Lair:5   | Noticed a dire elephant
 14315 | Lair:5   | Noticed a dire elephant
 14315 | Lair:5   | Noticed a dire elephant
 14317 | Lair:5   | Noticed a dire elephant
 14327 | Lair:5   | Reached skill level 10 in Fighting
 14327 | Lair:5   | Reached skill level 10 in Armour
 14496 | Lair:5   | Killed a dire elephant
 14739 | Lair:5   | Reached XP level 14. HP: 51/110 MP: 16/27
 14741 | Lair:5   | Reached skill level 10 in Invocations
 15171 | Lair:5   | Killed a dire elephant
 15241 | Lair:5   | Killed a dire elephant
 15411 | Lair:5   | Killed a dire elephant
 15789 | Lair:5   | Reached skill level 10 in Spellcasting
 16036 | Lair:5   | Reached skill level 10 in Axes
 16036 | Lair:5   | Reached skill level 10 in Dodging
 17388 | D:11     | Reached skill level 10 in Air Magic
 17675 | D:11     | Reached skill level 10 in Short Blades
 17675 | D:11     | Reached skill level 10 in Long Blades
 17675 | D:11     | Reached skill level 10 in Maces & Flails
 17675 | D:11     | Reached skill level 10 in Polearms
 17675 | D:11     | Reached skill level 10 in Staves
 17675 | D:11     | Reached skill level 10 in Ranged Weapons
 17675 | D:11     | Reached skill level 10 in Throwing
 17675 | D:11     | Reached skill level 11 in Armour
 17675 | D:11     | Reached skill level 10 in Stealth
 17675 | D:11     | Reached skill level 10 in Shields
 17675 | D:11     | Reached skill level 10 in Unarmed Combat
 17675 | D:11     | Reached skill level 10 in Evocations
 17827 | D:12     | Noticed Azrael
 17845 | D:12     | Killed Azrael
 17907 | D:12     | Noticed Nergalle
 17990 | D:12     | Killed Nergalle
 17991 | D:12     | Reached XP level 15. HP: 112/118 MP: 25/29
 18102 | D:12     | Found a runed translucent gate.
 18103 | D:12     | Found a runed translucent gate.
 18104 | D:12     | Found a runed translucent gate.
 18105 | D:12     | Noticed Shukka's ghost (journeyman MiBe)
 19123 | D:12     | Killed Shukka's ghost
 19129 | D:12     | Identified the +0 cloak of Wrong Decisions {+Inv rPois rC-
                  | Stlth-}
 19386 | D:13     | Found a gate leading to a gauntlet.
 19397 | Gauntlet | Entered a Gauntlet
 19397 | Gauntlet | Found a transporter.
 19406 | Gauntlet | Found a transporter.
 19409 | Gauntlet | Found a transporter.
 19410 | Gauntlet | Found a transporter.
 19419 | Gauntlet | Found a transporter.
 19421 | Gauntlet | Found a transporter.
 19422 | Gauntlet | Found a transporter.
 19426 | Gauntlet | Found a runed translucent door.
 19430 | Gauntlet | Found a transporter.
 19433 | Gauntlet | Found a transporter.
 19434 | Gauntlet | Found a transporter.
 19446 | Gauntlet | Found a transporter.
 19446 | Gauntlet | Found a transporter.
 19447 | Gauntlet | Found a transporter.
 19456 | Gauntlet | Found a transporter.
 19495 | Gauntlet | Found a runed translucent door.
 19631 | Gauntlet | Reached ****** piety under Cheibriados
 19656 | Gauntlet | Identified the ring "Cuanele" {Fire Will- rCorr Int-3
                  | Dex+9}
 19739 | Gauntlet | Got the Tome of the Shifting Gathering
 19878 | Gauntlet | Identified the +4 ring mail of Wu Jian, Leaping {Regen+
                  | MP-9 Dex+9}
 20061 | Gauntlet | Learned a level 6 spell: Statue Form
 21153 | D:14     | Noticed Louise
 21161 | Abyss:3  | Cast into level 3 of the Abyss (Louise)
 21169 | D:14     | Escaped the Abyss
 21184 | D:14     | Killed Louise
 21269 | D:14     | Found a gate to the Vaults.
 21639 | D:15     | Entered Level 15 of the Dungeon
 21711 | D:15     | Found a staircase to the Depths.
 22133 | D:15     | Reached XP level 16. HP: 127/127 MP: 28/31
 23004 | Snake:1  | Entered Level 1 of the Snake Pit
 23211 | Orc:1    | Entered Level 1 of the Orcish Mines
 23247 | Orc:1    | Found a dark tunnel.
 23263 | Volcano  | Entered a volcano
 23374 | Volcano  | Found a radiant altar of Vehumet.
 23384 | Volcano  | Reached skill level 12 in Armour
 23407 | Volcano  | Identified the +1 pair of gloves of the Grinning Gods
                  | {rF+++ rC+}
 24017 | Orc:1    | Found Ecwe's Antique Weapon Shoppe.
 24528 | Orc:2    | Entered Level 2 of the Orcish Mines
 24533 | Orc:2    | Found a staircase to the Elven Halls.
 24689 | Orc:2    | Found a flickering gateway to a bazaar.
 24722 | Orc:2    | Found a runed translucent door.
 24771 | Orc:2    | Found the +10 tower shield of Ignorance {rN+ Int-4}
 24779 | Orc:2    | Found a runed translucent door.
 25053 | Orc:2    | Found Tozoizol's Antique Weapon Shoppe.
 25085 | Orc:2    | Found Cux Yho's General Store.
 25118 | Orc:2    | Found Otiastruyl's Assorted Antiques.
 25120 | Orc:2    | Paralysed by an orc sorcerer for 3 turns
 25340 | Orc:2    | Found Susmufol's Weapon Boutique.
 26612 | Snake:1  | Gained mutation: Your muscles are strong. (Str +4, Int/Dex
                  | -1) [mutagenic glow]
 26746 | Snake:1  | Noticed Aizul
 26764 | Snake:1  | Killed Aizul
 26766 | Snake:1  | Reached XP level 17. HP: 133/135 MP: 27/33
 26932 | Snake:1  | Found Vuguosm's Antique Armour Shoppe.
 26962 | Snake:1  | Found Kosum's General Store.
 26963 | Snake:1  | Found Teecyown's Magic Scroll Boutique.
 26985 | Snake:1  | Bought a scroll of blinking for 82 gold pieces
 26988 | Snake:1  | Bought a scroll of teleportation for 42 gold pieces
 26988 | Snake:1  | Bought a scroll of blinking for 105 gold pieces
 27192 | Snake:1  | Reached skill level 10 in Conjurations
 27192 | Snake:1  | Reached skill level 10 in Hexes
 27192 | Snake:1  | Reached skill level 10 in Summonings
 27192 | Snake:1  | Reached skill level 10 in Necromancy
 27192 | Snake:1  | Reached skill level 10 in Translocations
 27192 | Snake:1  | Reached skill level 10 in Transmutations
 27192 | Snake:1  | Reached skill level 10 in Fire Magic
 27192 | Snake:1  | Reached skill level 10 in Ice Magic
 27192 | Snake:1  | Reached skill level 10 in Earth Magic
 27192 | Snake:1  | Reached skill level 10 in Poison Magic
 27635 | Snake:1  | Found a runed translucent door.
 28470 | Snake:2  | Noticed Mesuenwa's ghost (adept DEHW)
 28473 | Snake:2  | Found a transporter.
 28478 | Snake:2  | Found a bloodstained altar of Trog.
 28616 | Snake:2  | Reached skill level 13 in Armour
 29007 | Snake:2  | Found a transporter.
 29198 | Snake:2  | Killed Mesuenwa's ghost
 29203 | Snake:2  | Identified the +0 pair of boots "Paogij" {rPois rF+ rC-
                  | Str+4}
 29286 | Snake:3  | Noticed Asterion
 29383 | Snake:3  | Noticed an Executioner
 29394 | Snake:3  | Gained mutation: [You occasionally lose the ability to
                  | drink potions when taking damage.] [a cacodemon]
 29400 | Snake:3  | Killed Asterion
 29582 | Snake:3  | Reached XP level 18. HP: 143/143 MP: 28/34
 30695 | Snake:4  | Entered Level 4 of the Snake Pit
 31139 | Snake:4  | Found Ciqa Woliv's Book Shop.
 31140 | Snake:4  | Found Qicumpa's Jewellery Emporium.
 31140 | Snake:4  | Found Onaow's Jewellery Emporium.
 31838 | Snake:4  | Got a serpentine rune of Zot
 32505 | Vaults:1 | Entered Level 1 of the Vaults
 32646 | Vaults:1 | Noticed Nikola
 32654 | Vaults:1 | Killed Nikola
 32769 | Vaults:1 | Found Waud's Armour Shop.
 33100 | Vaults:1 | Reached XP level 19. HP: 137/151 MP: 30/36
 33565 | Vaults:1 | Reached skill level 14 in Armour
 33917 | Vaults:2 | Found a flickering gateway to a bazaar.
 33926 | Bazaar   | Entered a bazaar
 33949 | Bazaar   | Found Poiqoh's Jewellery Shoppe.
 33950 | Bazaar   | Found Anio's Assorted Antiques.
 33959 | Bazaar   | Bought a wavering ruby amulet for 75 gold pieces
 33959 | Bazaar   | Identified the amulet "Arihuc" {RegenMP Fly rCorr Dex+4
                  | Stlth+} (You bought it in a shop in a bazaar)
 34008 | Bazaar   | Found Moar's Antique Armour Emporium.
 34008 | Bazaar   | Found Appyliw's General Store.
 34030 | Bazaar   | Bought a scroll of teleportation for 33 gold pieces
 34030 | Bazaar   | Bought a scroll of fear for 44 gold pieces
 34463 | Vaults:2 | Noticed a tentacled monstrosity
 34547 | Vaults:2 | Paralysed by a great orb of eyes for 4 turns
 34610 | Vaults:2 | Found a staircase to the Crypt.
 35329 | Vaults:3 | Paralysed by a great orb of eyes for 4 turns
 35746 | Vaults:3 | Reached skill level 15 in Invocations
 36378 | Vaults:3 | Reached XP level 20. HP: 160/160 MP: 38/38
 36704 | Vaults:3 | Found Omeunooh's Antique Armour Shoppe.
 36710 | Vaults:3 | Bought a runed kite shield for 307 gold pieces
 36710 | Vaults:3 | Bought a glowing helmet for 307 gold pieces
 37254 | Vaults:4 | Found Gaffiyke's Distillery.
 37262 | Vaults:4 | Bought a potion of curing for 39 gold pieces
 37262 | Vaults:4 | Bought a potion of heal wounds for 65 gold pieces
 37262 | Vaults:4 | Bought a potion of curing for 39 gold pieces
 38281 | Vaults:4 | Reached skill level 15 in Fighting
 38281 | Vaults:4 | Reached skill level 15 in Armour
 38779 | Elf:1    | Entered Level 1 of the Elven Halls
 38882 | Elf:1    | Found a radiant altar of Vehumet.
 39704 | Abyss:3  | Found a corrupted altar of Lugonu.
 39704 | Abyss:3  | Cast into level 3 of the Abyss (a deep elf demonologist)
 40024 | Elf:2    | Escaped the Abyss
 40174 | Elf:2    | Reached XP level 21. HP: 168/168 MP: 39/39
 40749 | Elf:2    | Found a runed translucent gate.
 40754 | Elf:2    | Found a runed translucent gate.
 40754 | Elf:2    | Found a runed translucent gate.
 40891 | Elf:3    | Entered Level 3 of the Elven Halls
 40914 | Elf:3    | Reached skill level 15 in Spellcasting
 40992 | Elf:3    | Reached skill level 15 in Axes
 40992 | Elf:3    | Reached skill level 15 in Dodging
 41175 | Elf:3    | Noticed Mara
 41176 | Elf:3    | Noticed epen's illusion
 41518 | Abyss:3  | Cast into level 3 of the Abyss (a deep elf demonologist)
 41540 | Abyss:3  | Found a corrupted altar of Lugonu.
 41557 | Abyss:3  | Noticed a profane servitor
 41563 | Abyss:3  | Paralysed by accursed screaming for 2 turns
 41567 | Abyss:3  | Paralysed by accursed screaming for 2 turns
 41685 | Abyss:3  | Killed a profane servitor
 41818 | Elf:3    | Escaped the Abyss
 41825 | Elf:3    | Reached skill level 15 in Short Blades
 41825 | Elf:3    | Reached skill level 15 in Long Blades
 41825 | Elf:3    | Reached skill level 15 in Maces & Flails
 41825 | Elf:3    | Reached skill level 15 in Polearms
 41825 | Elf:3    | Reached skill level 15 in Staves
 41825 | Elf:3    | Reached skill level 15 in Ranged Weapons
 41825 | Elf:3    | Reached skill level 15 in Throwing
 41825 | Elf:3    | Reached skill level 15 in Stealth
 41825 | Elf:3    | Reached skill level 15 in Shields
 41825 | Elf:3    | Reached skill level 15 in Unarmed Combat
 41825 | Elf:3    | Reached skill level 15 in Evocations
 42141 | Elf:3    | Noticed epen's illusion
 42170 | Elf:3    | Killed Mara
 42318 | Elf:3    | Identified the +1 leather armour of Nanud {+Blink rElec}
 42318 | Elf:3    | Identified the ring of Sif Muna's Castigation {rF+ rC+
                  | rCorr Int+7}
 42400 | Elf:3    | Identified the +6 halberd "Esiennuy" {elec, +Blink}
 42400 | Elf:3    | Identified the ring of Sif Muna's Anger {rElec rN+}
 42852 | Elf:3    | Identified the ring "Naogusu" {rPois rC+ Int-3 Dex-2 SInv}
 42852 | Abyss:3  | Cast into level 3 of the Abyss (a deep elf sorcerer)
 42893 | Abyss:3  | Found a corrupted altar of Lugonu.
 42922 | Abyss:3  | Gained mutation: You have hidden genetic defects. [a
                  | neqoxec]
 43054 | Abyss:3  | Paralysed by accursed screaming for 1 turns
 43057 | Abyss:3  | Paralysed by accursed screaming for 1 turns
 43149 | Abyss:3  | Found a hide-covered altar of Uskayaw.
 43151 | Abyss:3  | Gained mutation: [Armour fits poorly on your strangely
                  | shaped body.] [a neqoxec]
 43155 | Elf:3    | Escaped the Abyss
 43163 | Elf:3    | Reached XP level 22. HP: 153/177 MP: 31/41
 43165 | Elf:3    | Gained mutation: [You sometimes lose your temper in
                  | combat.] [hidden defects]
 43171 | Elf:3    | Identified the ring of Daffodils {rPois rN+ Dex+6}
 43192 | Elf:3    | HP: 6/230 [deep elf master archer/arrow (22)]
 43196 | Elf:3    | Reached skill level 16 in Armour
 44039 | Shoals:1 | Entered Level 1 of the Shoals
 44181 | Shoals:1 | Identified the +1 leather armour of Brilliance {Str+3}
 44313 | Shoals:1 | Gained mutation: You have terrible hidden genetic defects.
                  | [hidden defects]
 44313 | Shoals:1 | Lost mutation: You have terrible hidden genetic defects.
                  | [hidden defects expressed]
 44724 | Shoals:1 | Lost mutation: You have hidden genetic defects. [potion of
                  | mutation]
 44724 | Shoals:1 | Lost mutation: [Armour fits poorly on your strangely shaped
                  | body.] [potion of mutation]
 44724 | Shoals:1 | Gained mutation: You passively map a small area around you.
                  | [potion of mutation]
 44724 | Shoals:1 | Gained mutation: Your muscles are very strong. (Str +8,
                  | Int/Dex -2) [potion of mutation]
 44724 | Shoals:1 | Gained mutation: Your system is resistant to poisons.
                  | (rPois) [potion of mutation]
 44724 | Shoals:1 | Gained mutation: You have a pair of small horns on your
                  | head. [potion of mutation]
 44725 | Shoals:1 | Lost mutation: [You occasionally lose the ability to drink
                  | potions when taking damage.] [potion of mutation]
 44725 | Shoals:1 | Lost mutation: [You sometimes lose your temper in combat.]
                  | [potion of mutation]
 44725 | Shoals:1 | Lost mutation: Your system is resistant to poisons. (rPois)
                  | [potion of mutation]
 44725 | Shoals:1 | Gained mutation: Your movements are slightly less
                  | encumbered by armour. (ER -2) [potion of mutation]
 44999 | Shoals:2 | Noticed Ilsuiw
 45013 | Shoals:2 | Killed Ilsuiw
 45752 | Shoals:2 | Found Lancelot's Dragon-Slaying Spoils.
 46112 | Shoals:3 | Noticed Polyphemus
 46121 | Shoals:2 | Killed Polyphemus
 46200 | Shoals:3 | Noticed Kirke
 46208 | Shoals:3 | Killed Kirke
 47085 | Shoals:3 | Identified the +3 chain mail of Dusimepn {rPois}
 47463 | Shoals:4 | Entered Level 4 of the Shoals
 47593 | Shoals:4 | Reached skill level 17 in Armour
 47650 | Shoals:4 | Reached XP level 23. HP: 69/185 MP: 41/43
 47670 | Shoals:4 | Got a barnacled rune of Zot
 48167 | Shoals:4 | Identified the +1 rapier of Ancient Evil {venom, rF++ rN+
                  | Int+2}
 48930 | Depths:1 | Entered Level 1 of the Depths
 48961 | Depths:1 | Found a magical portal.
 48966 | WizLab   | Entered Alistair's Party Mansion
 49549 | WizLab   | Identified a scroll of acquirement
 49569 | WizLab   | Acquired 870 gold pieces
 49633 | WizLab   | Paralysed by something for 5 turns
 49929 | Depths:1 | Found Myg Xuig's Elemental Accessories.
 50036 | Depths:1 | Found a hazy altar of Hepliaklqana.
 50432 | Depths:1 | You are sucked into a shaft and drop 1 floor!
 50833 | Depths:2 | Noticed the Enchantress
 50837 | Depths:2 | Killed the Enchantress
 50843 | Depths:2 | Reached skill level 18 in Armour
 50854 | Depths:2 | Reached skill level 15 in Air Magic
 51067 | Depths:2 | Identified the ring of Iwnus {Ice Stlth+}
 51067 | Depths:2 | Noticed Josephina
 51220 | Depths:2 | Killed Josephina
 51518 | Depths:2 | Found a one-way gate to the infinite horrors of the Abyss.
 51558 | Depths:2 | Reached XP level 24. HP: 195/195 MP: 43/43
 51648 | Depths:2 | Found a one-way gateway to a ziggurat.
 51778 | Depths:2 | Found Buifiw's Book Shop.
 51827 | Depths:2 | Found a gateway to Hell.
 51967 | Depths:2 | Found a one-way gate leading to the halls of Pandemonium.
 53505 | Depths:4 | Entered Level 4 of the Depths
 53559 | Depths:4 | Noticed a caustic shrike
 53559 | Depths:4 | Noticed a caustic shrike
 53561 | Depths:4 | Noticed a caustic shrike
 53561 | Depths:4 | Noticed a caustic shrike
 53569 | Depths:4 | Killed a caustic shrike
 53573 | Depths:4 | Killed a caustic shrike
 53578 | Depths:4 | Killed a caustic shrike
 53581 | Depths:4 | Killed a caustic shrike
 53664 | Depths:4 | Reached skill level 19 in Armour
 53704 | Depths:4 | Found a gate to the Realm of Zot.
 54054 | Depths:4 | Found a stormy altar of Qazlal.
 54201 | Depths:4 | Identified the +9 mace "Goblin's Curse" {venom, Will+
                  | Stlth+}
 54276 | Depths:4 | Found Zydarraa's Book Emporium.
 54280 | Depths:4 | Found Ricwan's Magic Scroll Shoppe.
 54281 | Depths:4 | Found Bejiutod's Jewellery Emporium.
 54286 | Depths:4 | Bought 2 scrolls of blinking for 165 gold pieces
 54286 | Depths:4 | Bought a scroll of magic mapping for 82 gold pieces
 54703 | Depths:4 | Noticed a caustic shrike
 54703 | Depths:4 | Noticed a caustic shrike
 54706 | Depths:4 | Noticed a caustic shrike
 54714 | Depths:4 | Killed a caustic shrike
 54717 | Depths:4 | Killed a caustic shrike
 54721 | Depths:4 | Noticed a caustic shrike
 54723 | Depths:4 | Killed a caustic shrike
 54727 | Depths:4 | Killed a caustic shrike
 54728 | Depths:4 | Reached XP level 25. HP: 80/203 MP: 44/44
 55583 | Depths:4 | Got the Teachings on the Mutable Assassin
 55589 | Depths:4 | Got Muicruipn's Thoughts on the Blinking Serac
 55895 | Depths:1 | Found a portal to a secret trove of treasure.
 56288 | Depths:1 | Found an iron altar of Okawaru.
 56809 | Slime:1  | Entered Level 1 of the Pits of Slime
 56868 | Slime:2  | You are sucked into a shaft and drop 1 floor!
 56977 | Slime:5  | Entered Level 5 of the Pits of Slime
 57212 | Slime:5  | Noticed the Royal Jelly
 57507 | Slime:4  | Gained mutation: You are dopey. (Int -2) [a shining eye]
 57854 | Slime:5  | Found a viscous altar of Jiyva.
 57880 | Slime:5  | Reached skill level 15 in Conjurations
 57880 | Slime:5  | Reached skill level 15 in Hexes
 57880 | Slime:5  | Reached skill level 15 in Summonings
 57880 | Slime:5  | Reached skill level 15 in Necromancy
 57880 | Slime:5  | Reached skill level 15 in Translocations
 57880 | Slime:5  | Reached skill level 15 in Transmutations
 57880 | Slime:5  | Reached skill level 15 in Fire Magic
 57880 | Slime:5  | Reached skill level 15 in Ice Magic
 57880 | Slime:5  | Reached skill level 15 in Earth Magic
 57880 | Slime:5  | Reached skill level 15 in Poison Magic
 58250 | Slime:5  | Killed the Royal Jelly
 58251 | Slime:5  | Reached skill level 20 in Armour
 58306 | Slime:5  | Got a slimy rune of Zot
 58323 | Slime:5  | Identified the +5 quarterstaff of Makhleb's Envy {flame,
                  | Str+2 Int+3}
 58342 | Slime:5  | Identified the amulet of Kixeps {Acrobat Rampage rElec rC++
                  | Int-2}
 58848 | Zot:1    | Entered Level 1 of the Realm of Zot
 59374 | Zot:1    | Noticed an orb of fire
 59429 | Depths:4 | Lost mutation: Your movements are slightly less encumbered
                  | by armour. (ER -2) [potion of mutation]
 59429 | Depths:4 | Lost mutation: You passively map a small area around you.
                  | [potion of mutation]
 59429 | Depths:4 | Gained mutation: Your flesh is heat resistant. (rF+)
                  | [potion of mutation]
 59430 | Depths:4 | Lost mutation: Your muscles are very strong. (Str +8,
                  | Int/Dex -2) [potion of mutation]
 59430 | Depths:4 | Lost mutation: Your flesh is heat resistant. (rF+) [potion
                  | of mutation]
 59430 | Depths:4 | Lost mutation: Your muscles are strong. (Str +4, Int/Dex
                  | -1) [potion of mutation]
 59430 | Depths:4 | Gained mutation: Your spells are a little harder to cast,
                  | but a little more powerful. [potion of mutation]
 59431 | Depths:4 | Lost mutation: Your spells are a little harder to cast, but
                  | a little more powerful. [potion of mutation]
 59431 | Depths:4 | Lost mutation: You are dopey. (Int -2) [potion of mutation]
 59431 | Depths:4 | Lost mutation: You have a pair of small horns on your head.
                  | [potion of mutation]
 59431 | Depths:4 | Gained mutation: You are strong-willed. (Will+) [potion of
                  | mutation]
 59431 | Depths:4 | Gained mutation: You are highly strong-willed. (Will++)
                  | [potion of mutation]
 59447 | Zot:1    | Gained mutation: Potions are less effective at restoring
                  | your health. [an orb of fire]
 59489 | Depths:4 | Gained mutation: You are weak. (Str -2) [an orb of fire]
 59494 | Depths:4 | Killed an orb of fire
 59573 | Zot:1    | Noticed a Killer Klown
 59684 | Zot:1    | Killed a Killer Klown
 59731 | Zot:1    | Noticed a Killer Klown
 59732 | Zot:1    | Noticed an orb of fire
 59734 | Zot:1    | Gained mutation: [You are vulnerable to heat. (rF-)] [an
                  | orb of fire]
 59734 | Zot:1    | Gained mutation: You occasionally lose the ability to read
                  | scrolls when taking damage. [an orb of fire]
 59735 | Zot:1    | Gained mutation: You have hidden genetic defects. [an orb
                  | of fire]
 59736 | Zot:1    | Gained mutation: Your body sometimes deteriorates upon
                  | taking damage. [an orb of fire]
 59741 | Zot:1    | Gained mutation: Your magical capacity is low. (-10% MP)
                  | [an orb of fire]
 59743 | Zot:1    | Gained mutation: [Your spells are a little easier to cast,
                  | but a little less powerful.] [an orb of fire]
 59744 | Zot:1    | Killed an orb of fire
 59753 | Zot:1    | Killed a Killer Klown
 60188 | Zot:1    | Noticed a dread lich
 60200 | Zot:1    | Killed a dread lich
 60229 | Zot:1    | Reached XP level 26. HP: 213/213 MP: 40/40
 60302 | Zot:1    | Gained mutation: You are frail. (-10% HP) [hidden defects]
 60314 | Zot:1    | Found a transporter.
 60326 | Zot:1    | Found a transporter.
 61281 | Zot:1    | Found a transporter.
 61299 | Zot:1    | Found a transporter.
 61637 | Zot:2    | Gained mutation: [Your spells are easier to cast, but less
                  | powerful.] [hidden defects]
 61637 | Zot:2    | Lost mutation: You have hidden genetic defects. [hidden
                  | defects expressed]
 62276 | Zot:2    | Noticed a dread lich
 62283 | Zot:2    | Killed a dread lich
 62283 | Zot:2    | Noticed a Killer Klown
 62284 | Zot:2    | Reached skill level 21 in Armour
 62293 | Zot:2    | Noticed a Killer Klown
 62302 | Zot:2    | Killed a Killer Klown
 62320 | Zot:2    | Killed a Killer Klown
 63045 | Zot:2    | You are sucked into a shaft and drop 1 floor!
 63107 | Zot:3    | Noticed a Killer Klown
 63130 | Zot:3    | Killed a Killer Klown
 63246 | Zot:3    | Noticed a Killer Klown
 63264 | Zot:3    | Killed a Killer Klown
 64639 | Zot:2    | Reached XP level 27. HP: 198/198 MP: 41/41
 65931 | Zot:4    | Noticed an orb of fire
 66269 | Zot:4    | Gained mutation: You are very weak. (Str -4) [an orb of
                  | fire]
 66271 | Zot:4    | Gained mutation: Your magical capacity is very low. (-20%
                  | MP) [an orb of fire]
 66273 | Zot:4    | Gained mutation: Your body often deteriorates upon taking
                  | damage. [an orb of fire]
 66274 | Zot:4    | Gained mutation: [You sometimes lose your temper in
                  | combat.] [an orb of fire]
 66276 | Zot:4    | Lost mutation: Your magical capacity is very low. (-20% MP)
                  | [an orb of fire]
 66280 | Zot:4    | Killed an orb of fire
 66867 | Zot:5    | Entered Level 5 of the Realm of Zot
 66874 | Zot:5    | Reached skill level 22 in Armour
 67384 | Zot:5    | Noticed an orb of fire
 67384 | Zot:5    | Noticed a dread lich
 67388 | Zot:5    | Gained mutation: You are clumsy. (Dex -2) [an orb of fire]
 67460 | Zot:5    | Lost mutation: [Your spells are easier to cast, but less
                  | powerful.] [potion of mutation]
 67460 | Zot:5    | Lost mutation: You occasionally lose the ability to read
                  | scrolls when taking damage. [potion of mutation]
 67460 | Zot:5    | Lost mutation: [Your spells are a little easier to cast,
                  | but a little less powerful.] [potion of mutation]
 67460 | Zot:5    | Gained mutation: You are dopey. (Int -2) [potion of
                  | mutation]
 67460 | Zot:5    | Lost mutation: You are frail. (-10% HP) [potion of
                  | mutation]
 67460 | Zot:5    | Gained mutation: You are robust. (+10% HP) [potion of
                  | mutation]
 67461 | Zot:5    | Lost mutation: You are robust. (+10% HP) [potion of
                  | mutation]
 67461 | Zot:5    | Lost mutation: Potions are less effective at restoring your
                  | health. [potion of mutation]
 67461 | Zot:5    | Lost mutation: Your magical capacity is low. (-10% MP)
                  | [potion of mutation]
 67461 | Zot:5    | Gained mutation: You passively map a small area around you.
                  | [potion of mutation]
 67461 | Zot:5    | Gained mutation: Your spells are a little harder to cast,
                  | but a little more powerful. [potion of mutation]
 67535 | Zot:5    | Noticed an orb of fire
 67535 | Zot:5    | Noticed a dread lich
 67537 | Zot:5    | Noticed an orb of fire
 67538 | Zot:5    | Gained mutation: You are very clumsy. (Dex -4) [an orb of
                  | fire]
 67538 | Zot:5    | Gained mutation: You are very dopey. (Int -4) [an orb of
                  | fire]
 67539 | Zot:5    | Gained mutation: Your magical capacity is low. (-10% MP)
                  | [an orb of fire]
 67541 | Zot:5    | Gained mutation: Your magical capacity is very low. (-20%
                  | MP) [an orb of fire]
 67553 | Zot:5    | Noticed an orb of fire
 67557 | Zot:5    | Gained mutation: You occasionally lose the ability to read
                  | scrolls when taking damage. [an orb of fire]
 68165 | Depths:3 | Lost mutation: Your magical capacity is very low. (-20% MP)
                  | [potion of mutation]
 68165 | Depths:3 | Lost mutation: You are very weak. (Str -4) [potion of
                  | mutation]
 68165 | Depths:3 | Lost mutation: You are weak. (Str -2) [potion of mutation]
 68429 | Zot:5    | Gained mutation: You do not regenerate when monsters are
                  | visible. [an orb of fire]
 68431 | Zot:5    | Gained mutation: Your magical capacity is very low. (-20%
                  | MP) [an orb of fire]
 68447 | Zot:5    | Killed an orb of fire
 68818 | Zot:5    | Killed a dread lich
 68873 | Zot:5    | Killed an orb of fire
 68875 | Zot:5    | Noticed an ancient lich
 69003 | Zot:5    | Gained mutation: You sometimes lose the ability to read
                  | scrolls when taking damage. [an orb of fire]
 69011 | Zot:5    | Killed an orb of fire
 69197 | Zot:5    | Killed an ancient lich
 69324 | Zot:5    | Noticed an ancient lich
 69331 | Zot:5    | Killed an ancient lich
 69601 | Zot:5    | Gained mutation: You are weak. (Str -2) [an orb of fire]
 69601 | Zot:5    | Gained mutation: You are frail. (-10% HP) [an orb of fire]
 69608 | Zot:5    | Gained mutation: You are very weak. (Str -4) [an orb of
                  | fire]
 70130 | Zot:5    | Killed a dread lich
 70721 | Abyss:4  | Cast into level 4 of the Abyss (Killer Klown)
 70738 | Abyss:4  | Paralysed by accursed screaming for 2 turns
 70741 | Abyss:4  | Paralysed by accursed screaming for 2 turns
 70756 | Abyss:4  | Found a corrupted altar of Lugonu.
 71278 | Abyss:4  | Gained mutation: Your magical capacity is extremely low.
                  | (-30% MP) [a cacodemon]
 71287 | Zot:5    | Escaped the Abyss
 71330 | Abyss:4  | Cast into level 4 of the Abyss (Killer Klown)
 71741 | Abyss:4  | Reached skill level 23 in Armour
 71741 | Abyss:4  | Paralysed by accursed screaming for 1 turns
 71760 | Zot:5    | Escaped the Abyss
 71770 | Zot:5    | Killed from afar by a Killer Klown

Illustrated notes

Levels and vault maps discovered:
D:1:      nagdon_arrival_zigzag_paths, layout_rooms,
          ebering_ecumenical_altar_box, chequers_serial_rivers_room_a
D:2:      layout_basic
D:3:      layout_rooms, uniq_ijyb, uniq_crazy_yiuf_cottage
D:4:      minmay_chambers_of_threes, layout_cave_pools, serial_shops,
          nicolae_shop_stone, nicolae_shop_crystal, shop, shop
D:5:      layout_rooms, grunt_temple_overflow_cloverleaf, grunt_decor_fettered,
          uniq_duvessa, uniq_menkaure
D:6:      layout_basic, mainiacjoe_overflow_six_doors_small, uniq_edmund,
          uniq_sigmund, uniq_maggie, uniq_prince_ribbit1
D:7:      layout_loops_ring, minmay_temple_entry_glassed_door
D:8:      layout_rooms, lair_entry_dummy, uniq_joseph
D:9:      layout_loops_ring, nicolae_uskayaw_suspiria
D:10:     layout_loops_cross, grunt_temple_overflow_open, hiddenorc2_lemuel,
          grunt_tough_drop, uniq_grum
D:11:     layout_cave_pools
D:12:     layout_long_grid, gammafunk_ghost_hydra_chop, uniq_nergalle,
          uniq_azrael
D:13:     layout_loops_ring, gauntlet_entry_generic
D:14:     layout_big_octagon, erik_vaults_1, minmay_misc_feat_five, uniq_louise
D:15:     hangedman_depths_entry_civil_slaughter, layout_stronghold,
          minmay_splitting_lines
Temple:   nicolae_temple_bog_church
Lair:1:   layout_gridlike, nicolae_lair_lil_pond, grunt_megastairs_3
Lair:2:   layout_cave_pods, elwin_shoals_entry_rooms, lemuel_fruit_tree
Lair:3:   layout_hall_layers, nicolae_snake_entry_warm_welcome,
          nicolae_quartered_pool_impasse, uniq_rupert
Lair:4:   layout_loops_ring, minmay_slime_entry_pillars, basic_altar
Lair:5:   due_jungle_book, layout_gridlike, serial_rivers,
          chequers_serial_rivers_micro_a, chequers_serial_rivers_small_a,
          chequers_serial_rivers_micro_c, chequers_serial_rivers_micro_e,
          chequers_serial_rivers_large_a, grunt_megastairs_5
Shoals:1: cheibrodos_shoals_epimethial_gifts, layout_shoals,
          nicolae_shoals_loop_pool
Shoals:2: layout_shoals, nicolae_shoals_cliffside_cave,
          nicolae_shoals_seven_spires, nicolae_shop_dragon_depot, uniq_ilsuiw
Shoals:3: layout_shoals, nicolae_shoals_this_corrosion, uniq_kirke,
          uniq_polyphemus
Shoals:4: shoals_end_grunt_ice, layout_shoals
Snake:1:  nicolae_snake_unarmed_stairs_patrol, layout_grid_maze,
          nicolae_wooded_promenade, lightli_airlock, serial_bayou_shore_a,
          uniq_aizul
Snake:2:  layout_misc_corridors, gammafunk_ghost_wrathful_warriors,
          grunt_ministairs_8
Snake:3:  layout_layer_cave, uniq_asterion
Snake:4:  johnstein_snake_rune_scales, layout_grid_maze, minmay_shop_grove
Slime:1:  layout_caves, basic_altar
Slime:2:  layout_caves
Slime:3:  layout_caves, cheibrodos_slime_lost_civilization_7
Slime:4:  layout_caves
Slime:5
Orc:1:    layout_caves, nicolae_volcano_entry_two_sided,
          portal_ice_cave_entry_pillars_1, guppyfry_orc_lava_fort
Orc:2:    hellmonk_orc_salted, layout_diamond_mine, serial_shops,
          bzr_entry_dummy, chequers_guarded_unrand_ignorance
Elf:1:    minmay_elf_arrival_plus, layout_geoelf_grid, basic_altar,
          kennysheep_underground_church
Elf:2:    nicolae_elf_blades_crystal_corner, layout_onion_city, st_stairs_8
Elf:3:    minmay_elf_hall_x, layout_geoelf_castle, uniq_mara
Vaults:1: hangedman_vaults_nails, nicolae_vaults_back_hallway,
          nicolae_vaults_puzzle_piece, hangedman_vaults_stagger,
          hangedman_vaults_slice, ontoclasm_vaults_hangar,
          vaults_room_mumra_shop_pool, v_misc_27, v_pattern_2,
          layout_vaults_big_room, uniq_nikola
Vaults:2: vaults_room_fancy_cross, nicolae_vaults_stairing_the_circle,
          nicolae_vaults_network_quincunx
          [nicolae_vaults_network_quincunx_subvault,
          nicolae_vaults_network_quincunx_subvault,
          nicolae_vaults_network_quincunx_subvault,
          nicolae_vaults_network_quincunx_subvault,
          nicolae_vaults_network_quincunx_subvault],
          nicolae_vaults_ninety_degrees, vaults_room_fours,
          nicolae_vaults_specimen_jars, vaults_mumra_chevron_long,
          minmay_crypt_entry_simple_corners, hangedman_vaults_stream,
          nicolae_vaults_display_case, vaults_mumra_hexcomb,
          ontoclasm_vaults_misaligned, nicolae_vaults_theta, v_misc_14,
          layout_vaults_omnibox, serial_shops, bzr_entry_water
Vaults:3: hangedman_vaults_maws, vaults_room_door_hall,
          nicolae_vaults_little_ls, vaults_room_pool,
          nicolae_vaults_little_squares_2, v_misc_1, nicolae_vaults_gold_heap,
          layout_vaults_quadrants, serial_shops, shop
Vaults:4: v_misc_11, v_misc_18, v_misc_13, grunt_vaults_hallway_short,
          hangedman_vaults_trim, vaults_room_corners,
          ontoclasm_vaults_ring_large, hangedman_vaults_pinch,
          nicolae_vaults_rhombus_5, layout_vaults_omnicross, serial_shops, shop
Depths:1: layout_small_grid, nzn_hepliaklqana_mist_gate, enter_trove_2,
          mu_enter_wizlab_2, hellmouth_3, nicolae_elemental_shop, minivault_16,
          kennysheep_okawaru_gauntlet, firewood_loft
Depths:2: nicolae_cairo_tiling_large, layout_honeycomb, enter_ziggurat_b,
          lightli_too_deep, serial_shops, kennysheep_little_box,
          grunt_pan_entry_in_and_out, abyss_entry, uniq_enchantress,
          uniq_josephina
Depths:3: kb_forest_paths, layout_basic, abyss_entry_crystal,
          grunt_hell_entry_dis_grunt
Depths:4: grunt_crosshair, layout_gridlike, pf_hell_entry_tar_spiral,
          nicolae_qazlal_scattered_showers, minmay_fire_ice_demons,
          minmay_shop_star
Zot:1:    hangedman_zot_vaults_quadrants, layout_onion_interference,
          nicolae_transporter_intersection
Zot:2:    nicolae_zot_stationary_front, layout_concentric_octagons,
          hangedman_player_shredder
Zot:3:    layout_onion
Zot:4:    circus_mu, layout_basic
Zot:5:    layout_basic

Skill      XL: |  1  2  3  4  5  6  7  8  9 10 11 12 13 14 15 16 17 18 19 20 21 22 23 24 25 26 27 |
---------------+----------------------------------------------------------------------------------+-----
Invocations    | 1 2 3 4 5 6 7 8 9 10 11 12 13 14 15 16 17 18 19 20 21 | 21.0
Short Blades   | 1 2 3 5 6 7 8 9 10 11 12 13 14 15 16 17 18 19 | 19.5
Long Blades    | 1 2 3 5 6 7 8 9 10 11 12 13 14 15 16 17 18 19 | 19.5
Maces & Flails | 1 2 3 5 6 7 8 9 10 11 12 13 14 15 16 17 18 19 | 19.5
Polearms       | 1 2 3 5 6 7 8 9 10 11 12 13 14 15 16 17 18 19 | 19.5
Staves         | 1 2 3 5 6 7 8 9 10 11 12 13 14 15 16 17 18 19 | 19.5
Ranged Weapons | 1 2 3 5 6 7 8 9 10 11 12 13 14 15 16 17 18 19 | 19.5
Throwing       | 1 2 3 5 6 7 8 9 10 11 12 13 14 15 16 17 18 19 | 19.5
Stealth        | 1 2 3 5 6 7 8 9 10 11 12 13 14 15 16 17 18 19 | 19.5
Shields        | 1 2 3 5 6 7 8 9 10 11 12 13 14 15 16 17 18 19 | 19.5
Unarmed Combat | 1 2 3 5 6 7 8 9 10 11 12 13 14 15 16 17 18 19 | 19.5
Evocations     | 1 2 3 5 6 7 8 9 10 11 12 13 14 15 16 17 18 19 | 19.5
Spellcasting   | 3 4 5 6 7 8 9 10 11 12 13 14 15 16 17 18 19 | 19.6
Conjurations   | 1 2 3 4 5 6 7 8 9 10 11 12 13 14 15 16 | 16.6
Hexes          | 1 2 3 4 5 6 7 8 9 10 11 12 13 14 15 16 | 16.6
Summonings     | 1 2 3 4 5 6 7 8 9 10 11 12 13 14 15 16 | 16.6
Necromancy     | 1 2 3 4 5 6 7 8 9 10 11 12 13 14 15 16 | 16.6
Translocations | 1 2 3 4 5 6 7 8 9 10 11 12 13 14 15 16 | 16.6
Transmutations | 1 2 3 4 5 6 7 8 9 10 11 12 13 14 15 16 | 16.6
Fire Magic     | 1 2 3 4 5 6 7 8 9 10 11 12 13 14 15 16 | 16.6
Ice Magic      | 1 2 3 4 5 6 7 8 9 10 11 12 13 14 15 16 | 16.6
Earth Magic    | 1 2 3 4 5 6 7 8 9 10 11 12 13 14 15 16 | 16.6
Poison Magic   | 1 2 3 4 5 6 7 8 9 10 11 12 13 14 15 16 | 16.6
Axes           | 3 4 5 6 7 8 9 10 11 12 13 14 15 16 17 18 19 | 19.6
Dodging        | 3 4 5 6 7 8 9 10 11 12 13 14 15 16 17 18 19 | 19.6
Fighting       | 5 6 7 8 9 10 11 12 13 14 15 16 17 18 19 | 19.9
Armour         | 5 6 7 8 9 10 11 12 13 14 15 17 18 19 20 21 23 | 23.0
Air Magic      | 6 7 8 9 10 11 12 13 14 15 16 17 | 17.4

Action                     |  1- 3 |  4- 6 |  7- 9 | 10-12 | 13-15 | 16-18 | 19-21 | 22-24 | 25-27 || total
---------------------------+-------+-------+-------+-------+-------+-------+-------+-------+-------++-------
  Melee: Hand axe          |   101 |    27 |       |       |       |       |       |       |       ||   128
         Punch             |     1 |     3 |     7 |     6 |       |       |       |       |       ||    17
         Bite              |     8 |     7 |    34 |   118 |   250 |   166 |   163 |   174 |   351 ||  1271
         Club              |       |    64 |    67 |       |       |       |       |       |       ||   131
         Dagger            |       |       |   206 |   752 |  1198 |       |       |       |       ||  2156
         Unarmed           |       |       |       |       |   120 |   950 |   972 |  1129 |  1539 ||  4710
         Headbutt          |       |       |       |       |       |       |       |   302 |   130 ||   432
  Throw: Dart              |       |       |       |       |     3 |       |       |       |       ||     3
   Cast: Shock             |    20 |    35 |    36 |       |       |       |       |       |       ||    91
         Frozen Ramparts   |       |       |     4 |    24 |    45 |    31 |    37 |    20 |    37 ||   198
         Statue Form       |       |       |       |       |    19 |    94 |   109 |   116 |   174 ||   512
 Invoke: Slouch            |       |       |       |       |     9 |     6 |    13 |     9 |    11 ||    48
         Step From Time    |       |       |       |       |       |       |     1 |     1 |     1 ||     3
  Evoke: Wand              |       |    10 |       |    10 |     1 |     3 |     2 |     3 |     8 ||    37
         Condenser vane    |       |       |       |       |       |     3 |     1 |       |       ||     4
    Use: Potion            |       |     2 |     1 |     1 |       |     3 |     1 |     7 |    22 ||    37
         Scroll            |       |     9 |     5 |     6 |    11 |     3 |     4 |     7 |    21 ||    66
   Stab: Invisible         |       |       |     5 |       |       |       |       |       |       ||     5
         Sleeping          |       |       |     3 |       |     2 |    17 |    11 |    27 |     4 ||    64
         Paralysed         |       |       |       |       |     1 |       |       |       |       ||     1
         Distracted        |       |       |       |       |       |       |     1 |     1 |     4 ||     6
         Confused          |       |       |       |       |       |       |       |     3 |     2 ||     5
 Armour: Ring mail         |    47 |    64 |    64 |       |       |       |       |       |       ||   175
         Robe              |       |       |     8 |    26 |       |     4 |     3 |       |    12 ||    53
         Chain mail        |       |       |       |   233 |   348 |       |       |       |       ||   581
         Skin              |       |       |       |       |    83 |   331 |   321 |   435 |   498 ||  1668
  Dodge: Dodged            |    58 |    83 |   223 |   454 |  1033 |  1666 |  1382 |  1547 |  2297 ||  8743
  Block: Buckler           |       |       |       |   150 |   567 |  1183 |   101 |       |       ||  2001
         Reflection        |       |       |       |       |    14 |   125 |     2 |       |       ||   141
         Kite shield       |       |       |       |       |       |       |  1147 |  1747 |  2090 ||  4984

Table legend: (Time is in decaauts)
 A = Elapsed time spent in this place.
 B = Non-inter-level travel time spent in this place.
 C = Inter-level travel time spent in this place.
 D = Time resting spent in this place.
 E = Time spent auto-exploring this place.
 F = Levels seen in this place.
 G = Mean time per level.
                   A        B        C        D        E       F      G
               +--------+--------+--------+--------+--------+-----+--------+
         Total | 112436 | 103818 |   8618 |  15814 |  64274 |  62 | 1813.5 |
       Dungeon |  19918 |  17380 |   2538 |   1644 |  12800 |  15 | 1327.9 |
        Temple |    155 |    148 |      7 |      0 |    136 |   1 |  155.0 |
          Lair |  10516 |   9157 |   1359 |   1043 |   6662 |   5 | 2103.2 |
        Shoals |   8912 |   8571 |    341 |    466 |   5898 |   4 | 2228.0 |
     Snake Pit |  10384 |   9698 |    686 |    746 |   7141 |   4 | 2596.0 |
    Slime Pits |   2572 |   2322 |    250 |   1044 |      0 |   5 |  514.4 |
  Orcish Mines |   4922 |   4493 |    429 |    701 |   2648 |   2 | 2461.0 |
   Elven Halls |   7632 |   7337 |    295 |   1017 |   4502 |   3 | 2544.0 |
        Vaults |  10566 |  10187 |    379 |    474 |   8164 |   4 | 2641.5 |
        Depths |  13364 |  12218 |   1146 |   2479 |   7484 |   4 | 3341.0 |
           Zot |  17308 |  16125 |   1183 |   4353 |   7930 |   5 | 3461.6 |
         Abyss |   2970 |   2970 |      0 |   1106 |      0 |   6 |  495.0 |
        Bazaar |    248 |    248 |      0 |      0 |    157 |   1 |  248.0 |
       Volcano |    470 |    470 |      0 |      0 |     98 |   1 |  470.0 |
        Wizlab |   1612 |   1612 |      0 |    468 |    383 |   1 | 1612.0 |
      Gauntlet |    879 |    879 |      0 |    271 |    265 |   1 |  879.0 |
               +--------+--------+--------+--------+--------+-----+--------+

Top non-repeatable levels by time:
Depths:4: 5029 daAuts
   Zot:5: 4158 daAuts
   Zot:2: 3998 daAuts
   Elf:3: 3740 daAuts
  Lair:5: 3474 daAuts
   Zot:3: 3290 daAuts
   Zot:1: 2998 daAuts
Depths:3: 2960 daAuts
Vaults:3: 2953 daAuts
   Orc:2: 2890 daAuts
   Zot:4: 2861 daAuts
Depths:2: 2808 daAuts
 Snake:3: 2679 daAuts
 Snake:4: 2642 daAuts
Vaults:4: 2632 daAuts
